 Dungeon Crawl Stone Soup version 0.20-a0-738-gb057e68 (webtiles) character file.

3453 nono the Cutter (level 10, -2/51 HPs)
             Began as a Vine Stalker Arcane Marksman on Feb 23, 2017.
             Was a Follower of Uskayaw.
             Hit by a tomahawk thrown by an orc warrior (11 damage)
             ... on level 8 of the Dungeon.
             The game lasted 00:22:41 (6715 turns).

nono the Cutter (Vine Stalker Arcane Marksman)      Turns: 6715, Time: 00:22:42

Health: -2/51      AC: 12    Str: 16    XL:     10   Next: 6%
Magic:  0/15       EV:  7    Int: 13    God:    Uskayaw [*.....]
Gold:   494        SH:  9    Dex: 15    Spells: 10/11 levels left

rFire    . . .     SeeInvis .   I - +2 whip (elec)
rCold    . . .     Gourm    .   T - +0 chain mail
rNeg     . . .     Faith    .   v - +0 buckler
rPois    +         Spirit   +   (no helmet)
rElec    .         Reflect  +   (no cloak)
rCorr    .         Harm     .   (no gloves)
MR       +....                  (no boots)
Stlth    ..........             A - +4 amulet of reflection
Regen    0.6/turn               L - ring of poison resistance
MPRegen  0.2/turn               m - +3 ring of protection

@: no status effects
A: fangs 3, regeneration 1, magic shield, antimagic bite, no potion heal 3, rot
immunity
a: Stomp, Renounce Religion


You were on level 8 of the Dungeon.
You worshipped Uskayaw.
Uskayaw was noncommittal.
You were not hungry.

You visited 1 branch of the dungeon, and saw 8 of its levels.

You collected 494 gold pieces.

Inventory:

Hand Weapons
 l - a +0 dagger
 x - a +0 rapier
 I - a +2 whip of electrocution (weapon)
Missiles
 c - 9 javelins (quivered)
 d - 4 throwing nets
 h - 51 sling bullets
Armour
 a - a +0 robe
 k - a +0 ring mail
 q - a +0 scale mail
 v - a +0 buckler (worn)
 T - a +0 chain mail (worn)
Jewellery
 m - a +3 ring of protection (left hand)
 s - an uncursed amulet of rage {unknown}
 t - an uncursed amulet of magic regeneration
 A - a +4 amulet of reflection (around neck)
 L - a ring of poison resistance (right hand)
 M - an uncursed ring of flight
 O - an uncursed amulet of the gourmand {unknown}
 Q - a cursed -3 ring of strength {unknown}
Wands
 N - a wand of digging (11/24)
 V - a wand of lightning (12/15)
Scrolls
 i - 6 scrolls of amnesia
 n - 7 scrolls of remove curse {unknown}
 p - 3 scrolls of teleportation {unknown}
 u - a scroll of enchant armour
 y - a scroll of fear {unknown}
 C - a scroll of immolation
 D - a scroll of acquirement
 H - a scroll of fog {unknown}
 K - a scroll of blinking
 S - a scroll of magic mapping {unknown}
Potions
 e - a potion of flight
 j - a potion of cancellation {unknown}
 o - 5 potions of heal wounds {unknown}
 w - a potion of lignification {unknown}
 B - a potion of berserk rage {unknown}
 E - a potion of magic {unknown}
 F - a potion of brilliance
 G - a potion of resistance {unknown}
 J - a potion of agility {unknown}
 P - a potion of haste
 R - a potion of curing {unknown}
 U - a potion of degeneration {unknown}
Books
 b - a book of Debilitation

   Spells                             Type                      Level
   a - Corona                         Hexes                        1
   b - Slow                           Hexes                        2
   c - Inner Flame                    Hexes/Fire                   3
   d - Portal Projectile              Hexes/Translocation          3
   e - Cause Fear                     Hexes                        4
   f - Leda's Liquefaction            Hexes/Earth                  4
Comestibles
 f - 6 bread rations
 g - 8 meat rations
 r - 13 fruits
 z - 3 royal jellies


   Skills:
 - Level 5.0 Fighting
 + Level 7.0 Short Blades
 - Level 1.7 Throwing
 - Level 4.0 Armour
 - Level 1.5 Dodging
 - Level 5.7 Stealth
 + Level 4.0 Shields
 - Level 1.1 Spellcasting
 - Level 3.0 Hexes
 - Level 5.8 Invocations


You had 10 spell levels left.
You knew the following spells:

 Your Spells              Type           Power        Failure   Level  Hunger
a - Corona                Hex            #......      97%         1    ##.....


Dungeon Overview and Level Annotations

Branches:
Dungeon (8/15)             Temple (0/1) D:5
   Lair: D:8-11

Altars:
Ashenzari
Cheibriados
Elyvilon
Hepliaklqana
Nemelex Xobeh
Okawaru
Ru
Sif Muna
Uskayaw
Vehumet
The Shining One

Annotations:
D:6 Grinder


Innate Abilities, Weirdness & Mutations

You have razor-sharp teeth.
Your natural rate of healing is unusually fast.
When hurt, damage is shared between your health and your magic reserves.
Your bite disrupts and absorbs the magic of your enemies.
Potions cannot restore your health.
You are immune to rotting.


Message History

You bite the orc. You drain its power.
You feel invigorated.
You kill the orc!
The orc warrior hits you with a glaive!
You hit the orc warrior but do no damage.
The orc warrior is severely wounded.
You block the orc wizard's attack. The orc warrior hits you with a glaive!
The orc wizard mumbles some strange words.
The orc wizard blinks!
You closely miss the orc warrior.
The orc warrior is heavily wounded.
The orc warrior hits you with a glaive.
* * * LOW HITPOINT WARNING * * *
The orc warrior throws a tomahawk.
The tomahawk hits you!
* * * LOW HITPOINT WARNING * * *
You can no longer pass through a line of other dancers.
You see here a tomahawk.
The orc wizard points at you and mumbles some strange words.
The magic dart hits you!
The orc warrior throws a tomahawk.
The tomahawk hits you!
You die...

......#......#...'..........#....
......#......#>..#..........#....
......#......'...#.........[#....
......'......#...#.(........#...†
########....######.o).......####'
....####....#......o#'##'#.......
............#.......#....#.......
............'....(..#....#.......
............#...@...#....#.......
....#########.......######.......
#####...............# ###.....
....#...............# #o....
....#...............# #.....
....#...............# #.....
#####...............# #####.....
.#.....############## #......###
.#.....# #..oo..#..


You could see an orc warrior and an orc wizard.

Vanquished Creatures
  Pikel (D:6)
  Prince Ribbit (D:6)
  A hungry ghost (D:8)
  A water moccasin (D:7)
  Duvessa (D:6)
  3 black bears
  2 ogres
  2 sky beasts (D:7)
  A centaur (D:6)
  5 bullfrogs
  Dowan (D:6)
  4 killer bees (D:8)
  A howler monkey (D:7)
  3 crimson imps
  A quasit (D:8)
  2 hounds
  2 orc priests (D:7)
  2 centaur skeletons
  7 orc wizards
  2 bullfrog skeletons
  2 iguanas
  Ijyb (D:3)
  7 worker ants
  2 hound zombies
  A hound skeleton (D:4)
  4 river rats (D:5)
  7 adders
  11 gnolls
  A worm (D:5)
  A dart slug (D:3)
  9 leopard geckos
  15 orcs
  A ball python (D:3)
  10 giant cockroaches
  3 goblins
  6 hobgoblins
  10 jackals
  4 quokkas
  10 bats
  5 frilled lizards
  A giant cockroach zombie (D:5)
  8 kobolds
  A leopard gecko skeleton (D:4)
  2 quokka skeletons
  9 rats
174 creatures vanquished.

Vanquished Creatures (others)
  A worker ant (D:6)
  A plant (D:5)
2 creatures vanquished.

Grand Total: 176 creatures vanquished

Notes
Turn   | Place    | Note
-------+----------+-------------------------------------------
     0 | D:1      | nono the Vine Stalker Arcane Marksman began the quest for the Orb.
     0 | D:1      | Reached XP level 1. HP: 9/9 MP: 3/3
    40 | D:1      | Reached skill level 1 in Stealth
   105 | D:1      | Reached XP level 2. HP: 12/14 MP: 4/4
   873 | D:1      | Reached XP level 3. HP: 12/17 MP: 3/5
  1204 | D:2      | Found a faded altar of an unknown god.
  1522 | D:2      | Reached skill level 1 in Short Blades
  1554 | D:2      | Found a radiant altar of Vehumet.
  1597 | D:2      | Found a white marble altar of Elyvilon.
  1777 | D:2      | Gained mutation: Your natural rate of healing is unusually fast. [Vine Stalker growth]
  1777 | D:2      | Reached XP level 4. HP: 21/21 MP: 6/6
  1851 | D:2      | Found a hide-covered altar of Uskayaw.
  1859 | D:2      | Became a worshipper of Uskayaw the Reveler
  1981 | D:3      | Found a sparkling altar of Nemelex Xobeh.
  2057 | D:3      | Reached * piety under Uskayaw
  2447 | D:3      | Noticed Ijyb
  2478 | D:3      | Reached ** piety under Uskayaw
  2519 | D:3      | Killed Ijyb
  2519 | D:3      | Reached skill level 2 in Short Blades
  2519 | D:3      | Reached XP level 5. HP: 24/25 MP: 7/7
  2908 | D:4      | Reached skill level 5 in Stealth
  3230 | D:4      | Reached skill level 3 in Short Blades
  3230 | D:4      | Reached XP level 6. HP: 23/29 MP: 5/8
  3356 | D:4      | Reached skill level 1 in Fighting
  3371 | D:4      | Found a sacrificial altar of Ru.
  3494 | D:5      | Entered Level 5 of the Dungeon
  3562 | D:5      | Found a snail-covered altar of Cheibriados.
  3595 | D:5      | Reached *** piety under Uskayaw
  3699 | D:5      | Found a shattered altar of Ashenzari.
  3800 | D:5      | Found an iron altar of Okawaru.
  3853 | D:5      | Reached XP level 7. HP: 35/35 MP: 9/9
  3854 | D:5      | Reached skill level 4 in Short Blades
  3913 | D:5      | Reached skill level 1 in Invocations
  3913 | D:5      | Reached **** piety under Uskayaw
  3921 | D:5      | Reached ***** piety under Uskayaw
  4241 | D:5      | Found a staircase to the Ecumenical Temple.
  4603 | D:6      | Noticed Prince Ribbit
  4620 | D:6      | Killed Prince Ribbit
  4620 | D:6      | Reached skill level 5 in Short Blades
  4620 | D:6      | Gained mutation: You have razor-sharp teeth. [Vine Stalker growth]
  4620 | D:6      | Reached XP level 8. HP: 21/39 MP: 5/11
  4666 | D:6      | Noticed Duvessa
  4669 | D:6      | Noticed Dowan
  4676 | D:6      | Killed Duvessa
  4696 | D:6      | Killed Dowan
  4756 | D:6      | Noticed Grinder
  4862 | D:6      | Noticed Pikel
  4874 | D:6      | Killed Pikel
  4874 | D:6      | Reached skill level 6 in Short Blades
  4874 | D:6      | Reached skill level 5 in Invocations
  4897 | D:6      | Reached XP level 9. HP: 43/43 MP: 14/14
  5092 | D:7      | Reached skill level 1 in Armour
  5104 | D:7      | Identified a scroll of acquirement
  6092 | D:8      | Found a deep blue altar of Sif Muna.
  6138 | D:8      | Reached skill level 5 in Fighting
  6230 | D:8      | Reached skill level 1 in Shields
  6263 | D:8      | Found a hazy altar of Hepliaklqana.
  6517 | D:8      | Found a glowing golden altar of the Shining One.
  6542 | D:8      | Reached XP level 10. HP: 44/51 MP: 12/15
  6587 | D:8      | Paralysed by fainting for 10 turns
  6606 | D:8      | Reached skill level 7 in Short Blades
  6715 | D:8      | Hit by a tomahawk thrown by an orc warrior

Vault maps used:
D:1:      eino_arrival_water_cross, kennysheep_decorative_pillar, hex_large,
          minmay_hedge_maze
D:2:      lemuel_doored_altar, eat_drink_and_be_merry_uskayaw, vehumet_crystals,
          chequers_ecumenical_altar_simple
D:3:      old_standard_altar, first_bread, uniq_iyjb
D:4:      nicolae_ru_path_of_blood, st_stairs_13
D:5:      wad_woods_stonehenge, marbit_many_paths,
          ashenzari_conservatory_becter, temple_hall, st_stairs_6
D:6:      eino_tiny_chamber, kennysheep_pointless_box, item_on_display_a,
          uniq_pikel, uniq_duvessa, uniq_grinder, uniq_prince_ribbit1
D:7:      grunt_ogre_cave
D:8:      kennysheep_mini_moat, lemuel_crystal_altar, lemuel_crystal_altar

Skill      XL: |  1  2  3  4  5  6  7  8  9 10 |
---------------+-------------------------------+-----
Stealth        | 2 3 4 5 |  5.7
Short Blades   | 1 2 3 5 6 7 |  7.0
Fighting       | 2 5 |  5.0
Invocations    | 3 5 |  5.8
Armour         | 4 |  4.0
Shields        | 3 4 |  4.0
Throwing       | |  1.7
Dodging        | |  1.5
Spellcasting   | |  1.1
Hexes          | |  3.0

Action                   |  1- 3 |  4- 6 |  7- 9 | 10-12 || total
-------------------------+-------+-------+-------+-------++-------
Melee: Unarmed           |    20 |       |       |       ||    20
       Bite              |    56 |    94 |   100 |    10 ||   260
       Dagger            |   184 |   320 |   141 |     7 ||   652
       Whip              |       |       |   215 |    29 ||   244
Throw: Javelin           |     9 |     5 |     9 |       ||    23
       Throwing net      |       |     4 |     4 |       ||     8
 Cast: Corona            |     4 |       |       |       ||     4
  Use: Scroll            |       |       |     7 |       ||     7
 Stab: Sleeping          |     3 |     6 |     2 |       ||    11
       Paralysed         |       |     1 |    10 |       ||    11
  Eat: Chunk             |     3 |     7 |     9 |       ||    19
       Meat ration       |       |       |       |     1 ||     1
       Bread ration      |       |       |       |     1 ||     1
Armor: Robe              |     2 |       |       |       ||     2
       Ring mail         |   105 |    93 |    67 |       ||   265
       Chain mail        |       |       |    73 |    26 ||    99
Dodge: Dodged            |   123 |    99 |    92 |     8 ||   322
Block: Buckler           |       |    86 |   123 |    15 ||   224
       Reflection        |       |       |     1 |     1 ||     2
